 Dungeon Crawl Stone Soup version 0.18.1-48-g4cf74bf (webtiles) character file.

147 djnw the Caller (level 5, -4/35 HPs)
             Began as a Mummy Summoner on Aug 22, 2016.
             Slain by an orc
             ... wielding a cursed +0 trident
              (6 damage)
             ... on level 4 of the Dungeon.
             The game lasted 00:17:30 (2837 turns).

djnw the Caller (Mummy Summoner)                    Turns: 2837, Time: 00:17:34

Health: -4/35      AC:  4    Str: 12    XL:     5   Next: 7%
Magic:  1/10       EV: 12    Int: 15    God:
Gold:   132        SH:  0    Dex: 12    Spells: 3 memorised, 5 levels left

rFire  x . .     SeeInvis .     c - +0 hand axe (curse)
rCold  + . .     Gourm    .     a - +0 robe
rNeg   + + +     Faith    .     (no shield)
rPois  ∞         Spirit   .     d - +1 helmet
rElec  .         Dismiss  .     (no cloak)
rCorr  .         Reflect  .     (no gloves)
SustAt .         Harm     .     (no boots)
MR     .....                    i - amulet of regeneration
Stlth  ++........               (no ring)
                                (no ring)

@: not resistant to hostile enchantments, unstealthy
A: no food or potions, fire vulnerability, cold resistance 1, negative energy
resistance 3, torment resistance, unbreathing
a: no special abilities


You were on level 4 of the Dungeon.
You were not hungry.

You visited 1 branch of the dungeon, and saw 4 of its levels.

You collected 132 gold pieces.

Inventory:

Hand Weapons
 c - a cursed +0 hand axe (weapon)
 e - a +0 spear
Armour
 a - a +0 robe (worn)
 d - a +1 helmet (worn)
Jewellery
 i - an amulet of regeneration (around neck)
Wands
 h - a wand of flame (0/48)
Scrolls
 f - a scroll of amnesia
 g - 4 scrolls of identify
 k - a scroll of remove curse
Books
 b - a book of Callings

   Spells                             Type                      Level
   a - Summon Small Mammal            Summoning                    1
   b - Call Imp                       Summoning                    2
   c - Call Canine Familiar           Summoning                    3
   d - Summon Guardian Golem          Hexes/Summoning              3
   e - Summon Lightning Spire         Summoning/Air                4
   f - Summon Ice Beast               Ice/Summoning                4


   Skills:
 - Level 1.5 Dodging
 - Level 1.5 Stealth
 + Level 3.8 Spellcasting
 + Level 4.3 Summonings


You had 5 spell levels left.
You knew the following spells:

 Your Spells              Type           Power        Failure   Level  Hunger
a - Summon Small Mammal   Summ           ###.         3%          1    N/A
b - Call Imp              Summ           ###.....     6%          2    N/A
c - Call Canine Familiar  Summ           ###.....     12%         3    N/A

Dungeon Overview and Level Annotations

Branches:
Dungeon (4/15)             Temple (0/1) D:4

Altars:
Pakellas

Annotations:
D:4 Dowan, Duvessa


Innate Abilities, Weirdness & Mutations

You do not eat or drink.
Your flesh is vulnerable to fire.
You are immune to poison.
Your flesh is cold resistant.
You are immune to negative energy.
You are immune to unholy pain and torment.
You can survive without breathing.


Message History

The hound is heavily wounded.
The worker ant bites you.
* * * LOW HITPOINT WARNING * * *
The adder misses your quokka. The hound completely misses you.
Your rat closely misses the orc.
Your quokka closely misses the hound.
Your crimson imp blinks!
The orc closely misses you. The adder bites your quokka.
Your quokka dies!
Your quokka's corpse disappears in a puff of smoke!
The worker ant bites you!
* * * LOW HITPOINT WARNING * * *
The hound bites you but does no damage.
You closely miss the worker ant.
The worker ant is severely wounded.
You closely miss the hound.
The hound is heavily wounded.
Your rat bites the orc.
The hound barely misses you.
The worker ant bites you but does no damage.
The orc hits you from afar with a trident.
You die...

♣.♣♣....#
###
.?.♣....#
#..
♣?.♣...+
#.. .
♣....#
...
♣.♣♣....#
...
.♣.....§#
###
.....Sor#
#!.
......ha#
#..
.......@#
.. #..
#+#######
#.# #..
#..##..
#..#..
#.5..
###..
##..
.##...
#......


You could see a hound, a worker ant, an adder, an orc and a friendly rat.

Vanquished Creatures
  2 gnolls (D:3)
  4 adders
  2 giant geckos (D:2)
  7 bats
  6 goblins
  9 hobgoblins
  2 kobolds (D:1)
  A ball python (D:1)
  6 giant newts
  4 rats
43 creatures vanquished.

Vanquished Creatures (collateral kills)
  5 gnolls (D:3)
  2 adders
  An ooze (D:2)
  A giant gecko (D:3)
  5 orcs (D:3)
  2 ball pythons
  A hobgoblin (D:2)
  4 kobolds
  A goblin (D:2)
22 creatures vanquished.

Grand Total: 65 creatures vanquished

Notes
Turn   | Place    | Note
--------------------------------------------------------------
     0 | D:1      | djnw the Mummy Summoner began the quest for the Orb.
     0 | D:1      | Reached XP level 1. HP: 13/13 MP: 3/3
   165 | D:1      | Reached XP level 2. HP: 8/19 MP: 3/5
   169 | D:1      | Learned a level 2 spell: Call Imp
   827 | D:2      | Reached XP level 3. HP: 13/24 MP: 7/7
   832 | D:2      | Learned a level 3 spell: Call Canine Familiar
  1559 | D:3      | Reached skill level 4 in Summonings
  1559 | D:3      | Reached XP level 4. HP: 30/30 MP: 1/8
  1692 | D:3      | Found an oddly glowing altar of Pakellas.
  2472 | D:3      | Reached XP level 5. HP: 32/35 MP: 10/10
  2779 | D:4      | Found a staircase to the Ecumenical Temple.
  2783 | D:4      | Noticed Duvessa
  2784 | D:4      | Noticed Dowan
  2836 | D:4      | HP: 1/35 [worker ant (7)]
  2837 | D:4      | Slain by an orc

Skill      XL: |  1  2  3 |
---------------+----------+-----
Spellcasting   | 3 |  3.8
Summonings     | 4 |  4.3
Dodging        | |  1.5
Stealth        | |  1.5

Action                   |  1- 3 |  4- 6 || total
-------------------------+-------+-------++-------
Melee: Short sword       |    24 |       ||    24
       Unarmed           |     4 |       ||     4
       Spear             |    12 |       ||    12
       Hand axe          |    69 |    72 ||   141
 Cast: Summon Small Mamm |     6 |     3 ||     9
       Call Imp          |    10 |    13 ||    23
       Call Canine Famil |     2 |     2 ||     4
  Use: Scroll            |     8 |     2 ||    10
 Stab: Sleeping          |     5 |     2 ||     7
Armor: Robe              |    30 |    27 ||    57
Dodge: Dodged            |   105 |    74 ||   179
